 Dungeon Crawl Stone Soup version 0.31-a0-355-g57cb03d3e8 (webtiles) character file.

Game seed: 1936642554325910181

132393 funkygono the Severer (level 16, -5/150 HPs)
             Began as a Minotaur Fighter on July 21, 2023.
             Was the Champion of Okawaru.
             Slain by a shambling mangrove (24 damage)
             ... on level 1 of the Swamp on July 24, 2023.
             The game lasted 01:01:29 (28942 turns).

funkygono the Severer (Minotaur Fighter)           Turns: 28942, Time: 01:01:30

Health: -5/150     AC: 40    Str: 30    XL:     16   Next: 27%
Magic:  0/18       EV: 16    Int:  9    God:    Okawaru [******]
Gold:   337        SH: 21    Dex: 15    Spells: 15/15 levels left

rFire   . . .        a - +6 war axe (venom)
rCold   . . .        j - +0 tower shield {AC+3}
rNeg    . . .        y - +9 scale mail of Beauty {Dex+3}
rPois   .            p - +2 hat
rElec   +            e - +1 cloak
rCorr   +            I - +2 pair of gloves {Str+3}
SInv    +            H - +2 pair of boots {Stlth+}
Will    +....        l - amulet of guardian spirit
Stlth   ++++         c - ring of Devotion {rElec AC+4 Int+4 SInv}
HPRegen 0.45/turn    o - ring of resist corrosion
MPRegen 0.16/turn

%: guardian spirit
@: heroic, studying Long Blades
A: horns 2, retaliatory headbutt
}: 1/15 runes: serpentine
a: Renounce Religion, Heroism, Finesse, Duel


You were on level 1 of the Swamp.
You worshipped Okawaru.
Okawaru was exalted by your worship.
You visited 5 branches of the dungeon, and saw 23 of its levels.
You also visited: Sewer and Bailey.

You collected 2217 gold pieces.
You spent 1880 gold pieces at shops.

Inventory:

Hand Weapons
 a - a +6 war axe of venom (weapon)
 i - the +8 hand axe "Dragon's Tongue" {elec, rF+ rN+ Int+3 Dex+6}
   (You found it on level 11 of the Dungeon)

   Int:       It affects your intelligence (+3).
   Dex:       It affects your dexterity (+6).
   rF:        It protects you from fire.
   rN:        It protects you from negative energy.
Missiles
 b - 9 boomerangs (quivered)
 q - 26 javelins
 w - 39 poisoned darts
 R - 2 silver javelins
Armour
 e - a +1 cloak (worn)
 j - a +0 tower shield of protection (worn)
 p - a +2 hat (worn)
 y - the +9 scale mail of Beauty (worn) {Dex+3}
   (Okawaru gifted it to you on level 5 of the Lair of Beasts)

   Dex:       It affects your dexterity (+3).
 C - +0 fire dragon scales
 H - a +2 pair of boots of stealth (worn)
 I - a +2 pair of gloves of strength (worn)
Jewellery
 c - the ring of Devotion (left hand) {rElec AC+4 Int+4 SInv}
   (You bought it in a shop on level 1 of the Snake Pit)

   [ring of protection]

   AC:        It affects your AC (+4).
   Int:       It affects your intelligence (+4).
   rElec:     It insulates you from electricity.
   SInv:      It lets you see invisible.
 l - an amulet of guardian spirit (around neck)
 o - a ring of resist corrosion (right hand)
 A - a ring of positive energy
 E - a ring of protection from fire
 O - the amulet of the Air {Inacc Air Fly rElec RMsl}
   (You found it on level 1 of the Snake Pit)

   [amulet of nothing]

   Inacc:     It reduces the accuracy of your attacks and spells.
   Air:       It enhances your air magic.
   rElec:     It insulates you from electricity.
   Fly:       It grants you flight.
   RMsl:      It protects you from missiles.
 Q - an amulet of the acrobat
Wands
 g - a wand of mindburst (4)
 k - a wand of iceblast (3)
 F - a wand of quicksilver (21)
 J - a wand of flame (23)
Scrolls
 m - 4 scrolls of identify
 s - a scroll of poison {unknown}
 x - 4 scrolls of fog
 G - 8 scrolls of teleportation
 K - a scroll of fear
 P - 2 scrolls of blinking
Potions
 d - 3 potions of might
 f - 5 potions of enlightenment
 h - 3 potions of haste
 r - 6 potions of curing
 u - 5 potions of mutation
 z - 9 potions of invisibility
 B - a potion of berserk rage
 D - 4 potions of ambrosia
 L - a potion of cancellation


   Skills:
 + Level 15.7(20.7) Fighting
 + Level 18.7(23.7) Axes
 + Level 9.8(14.8) Throwing
 + Level 15.0(20.0) Armour
 + Level 7.4(12.4) Dodging
 + Level 3.2(8.2) Stealth
 + Level 15.1(20.1) Shields
 + Level 5.3 Invocations
 + Level 1.2 Evocations


You had 15 spell levels left.
You didn't know any spells.
Your spell library contained the following spells:

 Spells                   Type           Power      Damage    Failure   Level
 Apportation              Tloc           0%         N/A       67%         1
 Kiss of Death            Conj/Necr      0%         2d5       67%         1
 Magic Dart               Conj           0%         1d3       67%         1
 Cigotuvi's Dreadful Rot  Necr/Pois/Air  0%         N/A       82%         2
 Searing Ray              Conj           0%         2d4       82%         2
 Static Discharge         Conj/Air       0%         2-2/arc   82%         2
 Sublimation of Blood     Necr           0%         N/A       82%         2
 Wereblood                Tmut           0%         N/A       82%         2
 Confusing Touch          Hex            0%         N/A       96%         3
 Hailstorm                Conj/Ice       0%         3d3       96%         3
 Ignite Poison            Fire/Tmut/Pois 0%         N/A       96%         3
 Inner Flame              Hex/Fire       0%         N/A       96%         3
 Vhi's Electric Charge    Tloc/Air       0%         N/A       96%         3
 Airstrike                Air            0%         2d(0-16)  100%        4
 Dispel Undead            Necr           0%         3d6       100%        4
 Flame Wave               Conj/Fire      0%         2d4       100%        4
 Fulminant Prism          Conj/Hex       0%         3d5       100%        4
 Leda's Liquefaction      Hex/Erth       0%         N/A       100%        4
 Petrify                  Tmut/Erth      0%         N/A       100%        4
 Sticky Flame             Conj/Fire      0%         2d3       100%        4
 Alistair's Intoxication  Tmut/Pois      0%         N/A       100%        5
 Arcjolt                  Conj/Air       0%         1d10      100%        5
 Borgnjor's Vile Clutch   Necr/Erth      0%         N/A       100%        5
 Freezing Cloud           Conj/Ice/Air   0%         6-21      100%        5
 Irradiate                Conj/Tmut      0%         3d11      100%        5
 Lee's Rapid Deconstruct  Erth           0%         3d4*      100%        5
 Leda's Unmaking          Conj/Erth      0%         9d1       100%        6
 Plasma Beam              Fire/Air       0%         2x1d10    100%        6
 Chain Lightning          Conj/Air       0%         N/A       100%        9
 Fire Storm               Conj/Fire      0%         5d1       100%        9
 Shatter                  Erth           0%         3d5*      100%        9
 Animate Dead             Necr           Unusable   N/A       N/A         4
 Summon Ice Beast         Ice/Summ       Unusable   N/A       N/A         4
 Summon Lightning Spire   Summ/Air       Unusable   N/A       N/A         4
 Death Channel            Necr           Unusable   N/A       N/A         6
 Simulacrum               Ice/Necr       Unusable   N/A       N/A         6
 Summon Hydra             Summ           Unusable   N/A       N/A         7

Dungeon Overview and Level Annotations

Branches:
Dungeon (11/15)            Temple (0/1) D:5            Lair (5/5) D:8
  Swamp (1/4) Lair:2        Snake (4/4) Lair:2        Slime (0/5) Lair:4
    Orc (2/2) D:11            Elf (0/3) Orc:2         Sewer (visited)
 Bailey (visited)

Altars:
Ashenzari
Cheibriados
Elyvilon
Fedhas
Gozag
Hepliaklqana
Kikubaaqudgha
Okawaru
Sif Muna
Vehumet
Wu Jian
Xom
Yredelemnul
The Shining One
Jiyva
Lugonu

Shops:
D:11 (   Orc:1 [:!([   Orc:2 [(:[[   Snake:1 [!==

Portals:
Abyss: Lair:5
Trove: D:11 (give 17 potions of curing)

Annotations:
Snake:2 3 runed translucent doors, Cyhav's ghost, adept HuFi


Innate Abilities, Weirdness & Mutations

You have a pair of horns on your head.
You reflexively headbutt those who attack you in melee.


Message History

You strike the helpless foxfire from behind!
You chop the foxfire into pieces!!!
The foxfire is moderately damaged.
You slice the will-o-the-wisp!! The foxfire hits you!! x2
* * * LOW HITPOINT WARNING * * *
The goliath frog barely misses you.
Roots burst forth from the earth!
The grasping roots grab you! The grasping roots constrict you.
* * * LOW HITPOINT WARNING * * *
The will-o-the-wisp gestures.
The will-o-the-wisp conjures some foxfire! 2 foxfires come into view.
Okay, then.
You escape the roots grasp.
The will-o-the-wisp attacks as you move away!
You block the will-o-the-wisp's attack.
The foxfire hits you but does no damage. x2
You block the goliath frog's attack.
The will-o-the-wisp gestures.
The will-o-the-wisp conjures some foxfire! 2 foxfires come into view.
You gain the combat prowess of a mighty hero.
The foxfire hits you but does no damage.
The foxfire hits you!!
* * * LOW HITPOINT WARNING * * *
The goliath frog hits you.
* * * LOW HITPOINT WARNING * * *
You are splashed with acid.
You resist.
* * * LOW HITPOINT WARNING * * *
You feel much better. You block the goliath frog's attack.
The will-o-the-wisp engulfs you.
* * * LOW HITPOINT WARNING * * *
The goliath frog closely misses you.
You slash the will-o-the-wisp!
Your headbutt misses the will-o-the-wisp.
The will-o-the-wisp is severely damaged.
You slash the bloated husk! You slice the shambling mangrove!!
You hit the goliath frog but do no damage.
The goliath frog is poisoned.
The shambling mangrove hits you!!
You die...

♣♣♣..♣♣ ♣♣.~~♣
♣~.~~.♣ ♣♣>..♣
♣.§~.♣♣♣~<~.♣♣
♣...♣♣......♣♣ ♣
♣♣~.~♣)..~...~♣.
♣♣♣♣.~~~~~....♣
♣♣♣.)~~~♣..♣.♣ ~
♣♣...fF~~♣.♣..♣
~~♣♣~.~~@v~.~~..♣♣
~~~.~~§n†(.♣♣♣.~♣
.~~~~~~~.♣♣♣♣ ♣♣
♣.§~~~~..°♣
♣♣......!°°.~~..
♣♣....§♣♣♣...♣~
♣...~.♣ ♣~♣..
..~~..~ ~$~.
?.~~... .k§


You could see a shambling mangrove, a goliath frog (poisoned), a will-o-the-wisp
and a bloated husk.

Vanquished Creatures
  2 quicksilver dragons (Snake:4)
  5 nagarajas
  An eleionoma (Swamp:1)
  2 bunyips (Swamp:1)
  An entropy weaver (shapeshifter) (Lair:5)
  A fire dragon (Lair:5)
  2 hydras
  4 salamander tyrants
  Erolcha (Orc:1)
  2 catoblepae
  3 two-headed ogres
  5 naga warriors
  6 anacondas
  13 naga sharpshooters
  7 shock serpents
  3 thrashing horrors (Lair:5)
  Urug (Lair:1)
  3 orc high priests (Orc:2)
  A skyshark (Lair:3)
  2 naga ritualists
  2 salamander mystics (Snake:2)
  2 bog bodies (Lair:2)
  A lindwurm (Lair:5)
  2 spriggan druids (Swamp:1)
  A wizard (D:10)
  9 orc knights
  A deep elf zephyrmancer (Bailey)
  A deep elf pyromancer (D:9)
  4 mana vipers
  6 orc sorcerers
  14 salamanders
  3 ugly things (Lair:5)
  2 oklob plants (Lair:4)
  A salamander (shapeshifter) (Lair:5)
  9 elephants
  A manticore (D:6)
  2 cyclopes
  21 black mambas
  3 guardian serpents
  9 naga magi
  A gargoyle (D:11)
  A smoke demon (Lair:5)
  15 cane toads
  2 unseen horrors (D:11)
  3 centaur skeletons (D:9)
  9 komodo dragons
  13 rime drakes
  5 trolls
  3 hellwings (D:9)
  3 polar bears
  A tyrant leech (Swamp:1)
  10 blink frogs (Lair:5)
  A raiju (Lair:5)
  3 hornets
  A large abomination (Lair:5)
  5 dream sheep (Lair:4)
  3 spriggans
  10 small abominations (Lair:5)
  A wraith (D:9)
  5 wyverns
  A ynoxinul (Lair:5)
  46 yaks
  A basilisk (Lair:5)
  3 wargs (Orc:2)
  13 steam dragons
  3 chaos spawn (Lair:5)
  A swamp worm (Lair:2)
  30 nagas
  An acid dragon (D:11)
  20 water moccasins
  2 swamp drakes (Swamp:1)
  2 sky beasts
  2 ice beasts (D:7)
  22 orc warriors
  4 black bears
  3 ogres
  10 wolves
  3 centaurs
  5 kobold brigands
  A bullfrog (shapeshifter) (Lair:5)
  9 bullfrogs
  7 scorpions
  11 wights (D:7)
  9 killer bees
  3 electric eels
  2 howler monkeys
  4 jellies
  6 hounds
  20 orc priests
  A gnoll bouda (D:8)
  4 iguanas
  A sleepcap (D:5)
  17 orc wizards
  A scorpion zombie (D:3)
  8 gnolls
  15 adders
  6 river rats (Sewer)
  3 white imps
  2 worms (D:2)
  A dart slug (D:5)
  50 orcs
  13 ball pythons
  8 endoplasms
  3 giant cockroaches
  9 goblins
  A hobgoblin (D:3)
  4 jackals (D:2)
  37 kobolds
  5 quokkas
  13 bats
  A frilled lizard (Sewer)
  2 giant cockroach zombies (D:3)
  A jackal zombie (D:3)
  25 rats
729 creatures vanquished.

Vanquished Creatures (others)
  An anaconda (Snake:4)
  16 foxfires (Swamp:1)
17 creatures vanquished.

Grand Total: 746 creatures vanquished

Notes
Turn   | Place    | Note
-------+----------+-------------------------------------------
     0 | D:1      | funkygono the Minotaur Fighter began the quest for the Orb.
     0 | D:1      | Reached XP level 1. HP: 19/19 MP: 0/0
   249 | D:1      | Reached XP level 2. HP: 27/27 MP: 1/1
   341 | D:1      | Found a faded altar of an unknown god.
   816 | D:2      | Reached XP level 3. HP: 23/33 MP: 2/2
  1057 | D:2      | Reached skill level 3 in Axes
  1350 | D:3      | Found an iron altar of Okawaru.
  1379 | D:3      | Reached XP level 4. HP: 40/40 MP: 3/3
  1397 | D:3      | Became a worshipper of Warmaster Okawaru
  1702 | D:3      | Reached skill level 4 in Axes
  1739 | D:3      | Found a basalt altar of Yredelemnul.
  2148 | D:3      | Reached XP level 5. HP: 46/46 MP: 4/4
  2583 | D:4      | Reached skill level 5 in Axes
  2583 | D:4      | Reached skill level 1 in Dodging
  2588 | D:4      | Reached XP level 6. HP: 53/53 MP: 5/5
  2599 | D:4      | Reached * piety under Okawaru
  2652 | D:4      | Reached skill level 6 in Axes
  2796 | D:4      | Reached skill level 5 in Armour
  3041 | D:4      | Reached XP level 7. HP: 56/60 MP: 6/6
  3050 | D:4      | Found a glowing drain.
  3070 | Sewer    | Entered a sewer
  3253 | Sewer    | Reached skill level 7 in Axes
  3371 | Sewer    | Reached skill level 5 in Fighting
  3424 | Sewer    | Reached ** piety under Okawaru
  4234 | D:5      | Entered Level 5 of the Dungeon
  4267 | D:5      | Reached skill level 8 in Axes
  4448 | D:5      | Found a staircase to the Ecumenical Temple.
  4454 | D:5      | Reached XP level 8. HP: 38/69 MP: 7/7
  4657 | D:5      | Found a radiant altar of Vehumet.
  4694 | D:5      | Found a hazy altar of Hepliaklqana.
  5217 | D:6      | Reached skill level 5 in Shields
  5292 | D:6      | Reached skill level 9 in Axes
  5488 | D:6      | Noticed a cyclops
  5494 | D:6      | Killed a cyclops
  5494 | D:6      | Reached *** piety under Okawaru
  5495 | D:6      | Reached skill level 10 in Axes
  5495 | D:6      | Reached skill level 1 in Throwing
  5495 | D:6      | Reached XP level 9. HP: 43/75 MP: 4/8
  5613 | D:6      | Found an opulent altar of Gozag.
  5614 | D:6      | Found a glowing golden altar of the Shining One.
  5618 | D:6      | Found a broken altar of Ashenzari.
  5621 | D:6      | Found an ornate altar of the Wu Jian Council.
  5621 | D:6      | Found an ancient bone altar of Kikubaaqudgha.
  5622 | D:6      | Found a snail-covered altar of Cheibriados.
  5623 | D:6      | Found a shimmering blue altar of Sif Muna.
  5624 | D:6      | Found a white marble altar of Elyvilon.
  5625 | D:6      | Found a blossoming altar of Fedhas.
  5928 | D:6      | Noticed a manticore
  5940 | D:6      | Killed a manticore
  6209 | D:6      | Reached skill level 1 in Invocations
  6722 | D:7      | Reached skill level 11 in Axes
  6927 | D:7      | Reached skill level 1 in Stealth
  7024 | D:7      | Upgraded the game from 0.31-a0-344-gd109795599 to
                  | 0.31-a0-355-g57cb03d3e8
  7395 | D:7      | Reached **** piety under Okawaru
  7525 | D:8      | Reached XP level 10. HP: 68/86 MP: 6/9
  7599 | D:8      | Reached skill level 12 in Axes
  7760 | D:8      | Found a staircase to the Lair.
  7790 | D:8      | HP: 2/88 [killer bee (3)]
  7794 | D:8      | Received a gift from Okawaru
  8864 | Lair:1   | Entered Level 1 of the Lair of Beasts
  8997 | Lair:1   | Reached skill level 10 in Armour
  9125 | Lair:1   | Noticed a cane toad
  9136 | Lair:1   | Killed a cane toad
  9137 | Lair:1   | Reached skill level 13 in Axes
  9137 | Lair:1   | Reached XP level 11. HP: 93/95 MP: 8/11
  9675 | Lair:1   | Noticed Urug
  9684 | Lair:1   | Killed Urug
  9859 | Lair:1   | Found an opulent altar of Gozag.
 10131 | Lair:2   | Noticed a catoblepas
 10139 | Lair:2   | Killed a catoblepas
 10206 | Lair:2   | Found a staircase to the Snake Pit.
 10218 | Lair:2   | Noticed a five-headed hydra
 10228 | Lair:2   | Killed an eight-headed hydra
 10472 | Lair:2   | Reached skill level 14 in Axes
 10866 | Lair:2   | Noticed a bog body
 10879 | Lair:2   | Killed a bog body
 10880 | Lair:2   | Reached skill level 5 in Throwing
 11062 | Lair:2   | Reached skill level 10 in Fighting
 11062 | Lair:2   | Identified the +5 dagger of Chaos {freeze, Fly rPois}
 11115 | Lair:2   | Noticed a bog body
 11122 | Lair:2   | Killed a bog body
 11260 | Lair:2   | Found a staircase to the Swamp.
 11451 | Lair:3   | Reached ***** piety under Okawaru
 11453 | Lair:3   | Reached XP level 12. HP: 68/106 MP: 7/12
 12287 | Lair:3   | Received a gift from Okawaru
 12688 | Lair:4   | Reached skill level 15 in Axes
 13043 | Lair:4   | Noticed a catoblepas
 13054 | Lair:4   | Killed a catoblepas
 13189 | Lair:4   | Received a gift from Okawaru
 13502 | Lair:4   | Found a viscous altar of Jiyva.
 13504 | Lair:4   | Found a staircase to the Slime Pits.
 13644 | Lair:4   | Found a blossoming altar of Fedhas.
 13906 | Lair:5   | Entered Level 5 of the Lair of Beasts
 14108 | Lair:5   | Reached XP level 13. HP: 100/117 MP: 12/14
 14146 | Lair:5   | Reached skill level 16 in Axes
 14162 | Lair:4   | Received a gift from Okawaru
 14437 | Lair:5   | Noticed a fire dragon
 14443 | Lair:5   | Killed a fire dragon
 14480 | Lair:5   | Identified the +9 scale mail of Beauty {Dex+3} (Okawaru
                  | gifted it to you on level 5 of the Lair of Beasts)
 14480 | Lair:5   | Received a gift from Okawaru
 15159 | Lair:5   | Reached skill level 10 in Shields
 15583 | Lair:5   | Received a gift from Okawaru
 15604 | Lair:5   | Identified the +3 mace of the Scorned {antimagic, rF+ rC+
                  | rCorr}
 15730 | Lair:5   | Found a corrupted altar of Lugonu.
 15730 | Lair:5   | Found a one-way gate to the infinite horrors of the Abyss.
 15823 | Lair:5   | Reached XP level 14. HP: 118/129 MP: 16/16
 16469 | D:9      | Received a gift from Okawaru
 16470 | D:9      | Reached skill level 17 in Axes
 16490 | D:9      | Found a flagged portal.
 16511 | Bailey   | Entered a bailey
 16616 | Bailey   | Found a large runed translucent door.
 16616 | Bailey   | Found a large runed translucent door.
 17019 | Bailey   | Identified the +0 plate armour of Distant Shores {Str-5
                  | Int+3 Stlth+}
 17356 | D:9      | Found the +4 Cigotuvi's embrace {Corpsefed rMiasma Drain
                  | rN+}
 17364 | D:9      | Received a gift from Okawaru
 17772 | D:10     | Entered Level 10 of the Dungeon
 18496 | D:11     | Found a portal to a secret trove of treasure.
 18568 | D:11     | Received a gift from Okawaru
 18797 | D:11     | Found Zalewky's Weapon Boutique.
 18799 | D:11     | Found a staircase to the Orcish Mines.
 19333 | D:11     | Identified the +8 hand axe "Dragon's Tongue" {elec, rF+ rN+
                  | Int+3 Dex+6}
 19390 | Orc:1    | Entered Level 1 of the Orcish Mines
 19402 | Orc:1    | Found Nyehakh's Armour Boutique.
 19426 | Orc:1    | Found Atihakin's Antique Weapon Shoppe.
 19428 | Orc:1    | Received a gift from Okawaru
 19499 | Orc:1    | Noticed Erolcha
 19513 | Orc:1    | Killed Erolcha
 19513 | Orc:1    | Received a gift from Okawaru
 19784 | Orc:2    | Entered Level 2 of the Orcish Mines
 19867 | Orc:2    | Found Odwehiot's Antique Armour Shop.
 19889 | Orc:2    | Found a staircase to the Elven Halls.
 20204 | Orc:2    | Found Ruepamet's Antique Armour Shoppe.
 20247 | Orc:2    | Received a gift from Okawaru
 20248 | Orc:2    | Reached skill level 5 in Dodging
 20776 | Orc:2    | Found Umoaf's Antique Weapon Shoppe.
 21026 | Orc:2    | Found Luuth's Book Boutique.
 21034 | Orc:2    | Found Jodetus's Armour Boutique.
 21197 | Orc:1    | Found Sapreapu's Antique Armour Shoppe.
 21201 | Orc:1    | Received a gift from Okawaru
 21252 | Orc:1    | Found Jyhar's Book Boutique.
 21257 | Orc:1    | Found Quacelico's Distillery.
 21402 | Orc:1    | Bought a glowing plate armour for 754 gold pieces
 21638 | Snake:1  | Entered Level 1 of the Snake Pit
 21647 | Snake:1  | Received a gift from Okawaru
 21774 | Snake:1  | Reached skill level 18 in Axes
 21793 | Snake:1  | Received a gift from Okawaru
 22178 | Snake:1  | Reached XP level 15. HP: 127/139 MP: 13/17
 22258 | Snake:1  | Received a gift from Okawaru
 22422 | Snake:1  | Found Ziostuom's Distillery.
 22424 | Snake:1  | Found Epanupp's Jewellery Shop.
 22425 | Snake:1  | Found Moinofiz's Antique Armour Shop.
 22523 | Snake:1  | Found Qadis's Jewellery Shop.
 22525 | Snake:1  | Bought the ring of Devotion {rElec AC+4 Int+4 SInv} for
                  | 1126 gold pieces
 22547 | Snake:1  | Found the amulet of the Air {Inacc Air Fly rElec RMsl}
 22954 | Snake:2  | Noticed a nagaraja
 22961 | Snake:2  | Killed a nagaraja
 22962 | Snake:2  | Reached skill level 5 in Invocations
 23153 | Snake:2  | Reached skill level 15 in Fighting
 24210 | Snake:2  | Found a runed translucent gate.
 24210 | Snake:2  | Found a runed translucent gate.
 24211 | Snake:2  | Found a runed translucent gate.
 24211 | Snake:2  | Noticed Cyhav's ghost (adept HuFi)
 24224 | Snake:2  | Found a shimmering altar of Xom.
 25818 | Snake:3  | Noticed a nagaraja
 25840 | Snake:3  | Killed a nagaraja
 25840 | Snake:3  | Received a gift from Okawaru
 26440 | Snake:4  | Entered Level 4 of the Snake Pit
 26809 | Snake:4  | Received a gift from Okawaru
 27023 | Snake:4  | Reached skill level 1 in Evocations
 27278 | Snake:4  | Noticed a nagaraja
 27308 | Snake:4  | Killed a nagaraja
 27564 | Snake:4  | Reached ****** piety under Okawaru
 27645 | Snake:4  | Received a gift from Okawaru
 27649 | Snake:4  | Noticed a nagaraja
 27652 | Snake:4  | Noticed a quicksilver dragon
 27656 | Snake:4  | Killed a nagaraja
 27659 | Snake:4  | Killed a quicksilver dragon
 27659 | Snake:4  | Identified the +7 battleaxe of Integrity {venom, rC-
                  | Will+++ Str+6} (Okawaru gifted it to you on level 4 of the
                  | Snake Pit)
 27659 | Snake:4  | Received a gift from Okawaru
 27660 | Snake:4  | Reached XP level 16. HP: 117/149 MP: 15/18
 27661 | Snake:4  | Noticed a quicksilver dragon
 27675 | Snake:4  | Killed a quicksilver dragon
 27694 | Snake:4  | Reached skill level 15 in Armour
 28466 | Snake:4  | Got a serpentine rune of Zot
 28775 | Swamp:1  | Entered Level 1 of the Swamp
 28786 | Swamp:1  | Reached skill level 15 in Shields
 28928 | Swamp:1  | Received a gift from Okawaru
 28940 | Swamp:1  | HP: 5/150 [acid (3)]
 28942 | Swamp:1  | Slain by a shambling mangrove

Illustrated notes

Levels and vault maps discovered:
D:1:      lemuel_arrival_broad_hall, layout_loops_ring,
          ebering_ecumenical_altar_sacrificial, st_stairs_13
D:2:      layout_rooms
D:3:      layout_basic, nicolae_yredelemnul_corpse_copse, okawaru_trees_2
D:4:      layout_basic, gup_sewer_entry_glass
D:5:      layout_loops_ring, kennysheep_little_box, nicolae_vehumet_altar_sigil,
          minmay_temple_entry_proselytizer
D:6:      layout_basic, minitemple, nicolae_houndstooth_variations
D:7:      layout_basic
D:8:      layout_basic, minmay_lair_entry_grove
D:9:      layout_roguey, enter_bailey_5, hellmonk_guarded_unrand_cigotuvi
D:10:     layout_loops_ring, minmay_librarian
D:11:     layout_loops_ring, orc_david_3, enter_trove_1, evilmike_butchery
Lair:1:   layout_long_grid, basic_altar, columned_hall_lemuel, uniq_urug
Lair:2:   layout_roguey, nicolae_swamp_entry_splash_gauntlet,
          minmay_snake_entry_spellcaster
Lair:3:   layout_loops_ring, serial_bayou_shore_a
Lair:4:   layout_regular_city, nicolae_slime_entry_slimehenge,
          portal_ice_cave_entry_animals_and_master, hangedman_tree_tricks,
          grunt_megastairs_3, lemuel_fruit_fields
Lair:5:   hellmonk_lair_end_abyssal_woods, layout_regular_city,
          bobbens_dragon_lair_wall, grunt_megastairs_1, serial_bayou_shore_b,
          infiniplex_staircase_pool_2
Swamp:1:  layout_basic_swamp, nicolae_swamp_treefoil, swamp_pool5
Snake:1:  layout_cave_shapes, minmay_shop_grid_forest, grunt_megastairs_4
Snake:2:  nicolae_snake_attic_fulla_snakes, layout_onion_interference,
          gammafunk_ghost_split, basic_altar
Snake:3:  layout_onion_interference, nicolae_integral_box
Snake:4:  hellmonk_snake_rune_quicksilver_temple, layout_basic,
          grunt_megastairs_2
Orc:1:    layout_caves, serial_shops, shop, shop, nicolae_shop_crystal, shop,
          shop, roderic_batcave, uniq_erolcha
Orc:2:    st_orc_elflike, layout_caves, serial_shops, nicolae_shop_waterfront

Skill      XL: |  1  2  3  4  5  6  7  8  9 10 11 12 13 14 15 16 |
---------------+-------------------------------------------------+-----
Shields        | 4 5 6 7 8 9 10 12 14 15 | 15.1
Fighting       | 4 5 6 7 8 10 11 13 14 15 | 15.7
Armour         | 4 5 7 8 10 11 12 13 14 15 | 15.0
Axes           | 3 4 5 6 8 10 11 13 14 15 16 18 | 18.7
Dodging        | 1 2 3 4 5 6 7 |  7.4
Throwing       | 1 3 4 5 6 8 9 |  9.8
Invocations    | 1 2 3 4 5 |  5.3
Stealth        | 1 2 3 |  3.2
Evocations     | 1 |  1.2

Action                     |  1- 3 |  4- 6 |  7- 9 | 10-12 | 13-15 | 16-18 || total
---------------------------+-------+-------+-------+-------+-------+-------++-------
  Melee: War axe           |    55 |   103 |   229 |   378 |   362 |    52 ||  1179
         Headbutt          |     7 |    13 |    31 |    91 |   260 |    25 ||   427
         Hand axe          |       |       |       |       |   702 |    69 ||   771
  Throw: Stone             |       |       |    52 |       |       |       ||    52
         Dart              |       |       |    11 |    70 |   106 |       ||   187
         Boomerang         |       |       |       |       |    59 |     9 ||    68
 Invoke: Heroism           |       |       |     8 |    25 |    28 |     3 ||    64
  Evoke: Wand              |       |       |       |     3 |     7 |       ||    10
    Use: Scroll            |     5 |     3 |    12 |     9 |     9 |     1 ||    39
         Potion            |       |       |       |     2 |     3 |     1 ||     6
   Stab: Sleeping          |       |       |       |       |     6 |       ||     6
         Distracted        |       |       |       |       |       |     1 ||     1
 Armour: Scale mail        |    24 |    17 |       |       |   395 |    44 ||   480
         Chain mail        |       |    36 |   134 |       |       |       ||   170
         Plate armour      |       |       |    16 |   220 |    34 |       ||   270
  Dodge: Dodged            |    28 |    44 |   104 |   155 |   403 |    40 ||   774
  Block: Buckler           |     8 |    19 |    73 |   103 |   215 |       ||   418
         Tower shield      |       |       |       |       |   325 |    74 ||   399
         Kite shield       |       |       |       |       |    21 |       ||    21

Table legend: (Time is in decaauts)
 A = Elapsed time spent in this place.
 B = Non-inter-level travel time spent in this place.
 C = Inter-level travel time spent in this place.
 D = Time resting spent in this place.
 E = Time spent auto-exploring this place.
 F = Levels seen in this place.
 G = Mean time per level.
                   A        B        C        D        E       F      G
               +--------+--------+--------+--------+--------+-----+--------+
         Total |  28889 |  27598 |   1291 |    728 |  20909 |  25 | 1155.6 |
       Dungeon |  10811 |  10239 |    572 |    300 |   7696 |  11 |  982.8 |
          Lair |   7658 |   7302 |    356 |    144 |   5518 |   5 | 1531.6 |
         Swamp |    160 |    160 |      0 |      0 |     68 |   1 |  160.0 |
     Snake Pit |   6850 |   6537 |    313 |    284 |   5128 |   4 | 1712.5 |
  Orcish Mines |   1986 |   1938 |     48 |      0 |   1532 |   2 |  993.0 |
         Sewer |    832 |    832 |      0 |      0 |    543 |   1 |  832.0 |
        Bailey |    588 |    588 |      0 |      0 |    422 |   1 |  588.0 |
               +--------+--------+--------+--------+--------+-----+--------+

Top non-repeatable levels by time:
 Snake:2: 2189 daAuts
  Lair:5: 2126 daAuts
 Snake:4: 2106 daAuts
     D:8: 1598 daAuts
  Lair:4: 1477 daAuts
  Lair:2: 1409 daAuts
   Orc:2: 1368 daAuts
  Lair:3: 1331 daAuts
  Lair:1: 1313 daAuts
 Snake:1: 1291 daAuts
 Snake:3: 1262 daAuts
     D:3: 1230 daAuts
     D:6: 1210 daAuts
     D:7: 1112 daAuts
     D:4: 995 daAuts
